 Dungeon Crawl Stone Soup version 0.27-a0-291-gd9602db6ee (webtiles) character file.

Game seed: 12362884149621515551

28 septik the Chopper (level 2, 0/27 HPs)
             Began as a Minotaur Berserker on Feb 9, 2021.
             Was a Follower of Trog.
             Slain by a scorpion (7 damage)
             ... on level 2 of the Dungeon.
             The game lasted 00:00:53 (647 turns).

septik the Chopper (Minotaur Berserker)              Turns: 647, Time: 00:00:54

Health: 0/27       AC:  2    Str: 21    XL:     2   Next: 96%
Magic:  1/1        EV: 12    Int:  4    God:    Trog [*.....]
Gold:   31         SH:  0    Dex:  9    Spells: 1/1 levels left

rFire    . . .     SeeInvis .   a - +0 hand axe
rCold    . . .     Faith    .   (no shield)
rNeg     . . .     Spirit   .   b - +0 animal skin
rPois    .         Reflect  .   (helmet restricted)
rElec    .         Harm     .   (no cloak)
rCorr    .         Rampage  .   (no gloves)
Will     .....                  (no boots)
Stlth    +.........             (no amulet)
HPRegen  0.09/turn              (no ring)
MPRegen  0.07/turn              (no ring)

@: lethally poisoned (0 -> -9)
A: retaliatory headbutt, horns 2
a: Renounce Religion, Berserk


You were on level 2 of the Dungeon.
You worshipped Trog.
Trog was aware of your devotion.
You visited 1 branch of the dungeon, and saw 2 of its levels.

You collected 31 gold pieces.

Inventory:

Hand Weapons
 a - a +0 hand axe (weapon)
Missiles
 k - 52 stones
Armour
 b - a +0 animal skin (worn)
Scrolls
 d - a scroll of magic mapping {unknown}
 f - a scroll of immolation {unknown}
 g - a scroll of identify {unknown}
 i - 2 scrolls of blinking {unknown}
Potions
 c - a potion of invisibility {unknown}
 e - a potion of mutation {unknown}
 h - a potion of berserk rage {unknown}
 j - a potion of lignification {unknown}
 l - a potion of heal wounds {unknown}


   Skills:
 + Level 4.0 Fighting
 * Level 4.2 Axes
 + Level 2.9 Armour
 + Level 2.5 Dodging


You had one spell level left.
You didn't know any spells.
Your spell library was empty.

Dungeon Overview and Level Annotations

Branches:
Dungeon (2/15)

Altars:
Ru


Innate Abilities, Weirdness & Mutations

You reflexively headbutt those who attack you in melee.
You have a pair of horns on your head.


Message History

You headbutt the scorpion, but do no damage.
You hit the scorpion.
The scorpion is almost dead.
The scorpion stings you!
You are poisoned.
The scorpion poisons you!
A scorpion is nearby!
You are too injured to fight recklessly!
You are too injured to fight recklessly!
Unknown command.
You are too injured to fight recklessly!
You are too injured to fight recklessly!
You closely miss the scorpion.
The scorpion is almost dead.
You feel sick. The scorpion stings you.
* * * LOW HITPOINT WARNING * * *
You hit the scorpion but do no damage.
The scorpion is almost dead.
The scorpion stings you!
You die...

≈≈≈≈≈_≈≈≈≈≈≈.#
≈≈≈≈≈≈≈≈≈≈≈≈≈.#
.≈≈≈≈≈≈≈≈≈≈≈..#
..≈≈≈≈≈≈≈≈≈..#
#...≈≈≈≈≈...#
#.........####
####..#s.......
.......@...#
#######.##.....
#.# ### #.# #.#
#.### #...#
..######.##
#.........#


You could see a scorpion.

Vanquished Creatures
  2 dart slugs (D:1)
  4 bats (D:1)
  2 giant cockroaches (D:1)
  A goblin (D:1)
  3 hobgoblins (D:1)
  A ball python (D:1)
  4 frilled lizards (D:1)
  2 kobolds (D:1)
  6 rats (D:1)
25 creatures vanquished.

Notes
Turn   | Place    | Note
-------+----------+-------------------------------------------
     0 | D:1      | septik the Minotaur Berserker began the quest for the Orb.
     0 | D:1      | Reached XP level 1. HP: 19/19 MP: 0/0
   110 | D:1      | Reached XP level 2. HP: 27/27 MP: 1/1
   636 | D:2      | Noticed a scorpion
   640 | D:2      | Found a sacrificial altar of Ru.
   647 | D:2      | Slain by a scorpion

Illustrated notes

Levels and vault maps discovered:
D:1:      lightli_arrival_boilingwater, layout_rooms
D:2:      layout_loops_ring, chequers_ecumenical_altar_simple,
          lemuel_altar_in_water

Skill      XL: |  1  2 |
---------------+-------+-----
Axes           | 4 |  4.2
Fighting       | 4 |  4.0
Armour         | |  2.9
Dodging        | |  2.5

Action                   || total
-------------------------++-------
Melee: Hand axe          ||    47
       Headbutt          ||     6
Armor: Animal skin       ||    17
Dodge: Dodged            ||    35

Table legend: (Time is in decaauts)
 A = Elapsed time spent in this place.
 B = Non-inter-level travel time spent in this place.
 C = Inter-level travel time spent in this place.
 D = Time resting spent in this place.
 E = Time spent auto-exploring this place.
 F = Levels seen in this place.
 G = Mean time per level.
                   A        B        C        D        E       F      G
               +--------+--------+--------+--------+--------+-----+--------+
         Total |    653 |    651 |      2 |      0 |    529 |   2 |  326.5 |
       Dungeon |    653 |    651 |      2 |      0 |    529 |   2 |  326.5 |
               +--------+--------+--------+--------+--------+-----+--------+

Top non-repeatable levels by time:
     D:1: 625 daAuts
     D:2: 28 daAuts
